 Dungeon Crawl Stone Soup version 0.29.1-15-g9cfb28693d (webtiles) character file.

Game seed: 1083521094190069035

19 hawla the Chiller (level 3, 0/26 HPs)
             Began as a Meteoran Ice Elementalist on Apr 13, 2023.
             Slain by an ogre
             ... wielding a +0 giant club
              (26 damage)
             ... on level 4 of the Dungeon.
             The game lasted 00:01:44 (369 turns).

hawla the Chiller (Meteoran Ice Elementalist)        Turns: 369, Time: 00:01:45

Health: 0/26       AC:  2    Str:  9    XL:     3   Next: 11%
Magic:  5/8        EV: 12    Int: 19    God:
Gold:   9          SH:  0    Dex: 14    Spells: 4/8 levels left

rFire   . . .      SeeInvis +   (no weapon)
rCold   . . .      Faith    .   (no shield)
rNeg    . . .      Spirit   .   a - +0 robe
rPois   .          Reflect  .   (no helmet)
rElec   .          Harm     .   (no cloak)
rCorr   .          Rampage  .   (no gloves)
Will    .....                   (no boots)
Stlth   +.........              (no amulet)
HPRegen 0.08/turn               b - ring of see invisible
MPRegen 0.11/turn               (no ring)

@: freezing walls, glowing
A: sense surroundings 1, otherworldly, glowing, explore regen
a: no special abilities


You were on level 4 of the Dungeon.
You visited 1 branch of the dungeon, and saw 4 of its levels.

You collected 9 gold pieces.

Inventory:

Armour
 a - a +0 robe (worn)
Jewellery
 b - a ring of see invisible (left hand)


   Skills:
 + Level 2.5 Dodging
 - Level 1.4 Stealth
 + Level 3.1 Spellcasting
 + Level 5.0 Ice Magic


You had 4 spell levels left.
You knew the following spells:

 Your Spells              Type           Power      Damage    Failure   Level
a - Freeze                Ice            88%        1d10      1%          1
b - Frozen Ramparts       Ice            44%        1d7       6%          3

Your spell library contained the following spells:

 Spells                   Type           Power      Damage    Failure   Level
 Ozocubu's Armour         Ice            22%        N/A       6%          3
 Hailstorm                Conj/Ice       12%        3d5       47%         4


Dungeon Overview and Level Annotations

Branches:
Dungeon (4/15) Zot: 2031
 Temple: D:4-7

Altars:
Xom


Innate Abilities, Weirdness & Mutations

You passively map a small area around you.
You are easily found by Zot.
You glow in the dark.
You regain HP and MP as you explore.


Message History

You finish memorising.
Spell assigned to 'b'.
Okay, then.
You climb downwards.
You hear the hiss of flowing sand.
There is an entrance to an ossuary on this level.
Hurry and find it before the portal is buried!
Magic restored.
Found 9 gold pieces and a cabochon ring.
There is a stone staircase leading up here.
You now have 9 gold pieces.
b - a ring of see invisible
b - a ring of see invisible (left hand)
An adder comes into view.
No target in view!
Casting: Freeze (safe; 1% risk of failure)
Confirm with . or Enter, or press ? or * to list all spells.
You don't know that spell.
An ogre comes into view. It is wielding a +0 giant club.
The ogre shouts!
You hear an angry hiss.
The ogre moves out of view.
Casting: Freeze (safe; 1% risk of failure)
Confirm with . or Enter, or press ? or * to list all spells.
The spell is quite dangerous to miscast (6% risk of failure)!
Continue anyway?
Casting: Frozen Ramparts (quite dangerous; 6% risk of failure)
Press: ? - help, Dir - look around, f - activate The walls around you are covered in ice.
The wall freezes the ogre.
The wall freezes the ogre.
Casting: Frozen Ramparts (quite dangerous; 6% risk of failure)
Confirm with . or Enter, or press ? or * to list all spells.
Aiming: Freeze (safe; 1% risk of failure)
Press: ? - help, Shift-Dir - straight line, f - ogre
Aim: an ogre, wielding a +0 giant club (moderately wounded)
You freeze the ogre.
The ogre is heavily wounded.
The adder hisses angrily.
A hobgoblin comes into view.
The wall freezes the ogre.
The ogre hits you with a +0 giant club!!
Ouch! That really hurt!
You die...

#########
#.......#
#.......#
#.......### *
#.........#
###..<....#..#
* ##....######
.. * #.@####
*# , , *#.O##
* #..# * #..,,
* * #. * .S ,*
, * #g, * ,* *
## * * * , , ,


You could see an ogre, an adder and a hobgoblin (wandering).

Vanquished Creatures
  2 worms (D:3)
  2 ball pythons (D:3)
  An endoplasm (D:3)
  2 hobgoblins (D:3)
  A kobold (D:1)
  A bat (D:3)
  A frilled lizard (D:3)
  5 rats
15 creatures vanquished.

Vanquished Creatures (others)
  An adder (D:3)
  A worm (D:3)
  A kobold (D:3)
  A rat (D:3)
4 creatures vanquished.

Grand Total: 19 creatures vanquished

Notes
Turn   | Place    | Note
-------+----------+-------------------------------------------
     0 | D:1      | hawla the Meteoran Ice Elementalist began the quest for the
                  | Orb.
     0 | D:1      | Reached XP level 1. HP: 14/14 MP: 5/5
    54 | D:3      | Reached XP level 2. HP: 13/20 MP: 2/6
   273 | D:3      | Found a shimmering altar of Xom.
   329 | D:3      | Reached XP level 3. HP: 26/26 MP: 5/8
   331 | D:3      | Reached skill level 5 in Ice Magic
   348 | D:3      | Learned a level 3 spell: Frozen Ramparts
   364 | D:4      | Noticed an ogre
   369 | D:4      | Slain by an ogre

Illustrated notes

Levels and vault maps discovered:
D:1:      nicolae_arrival_washed_ashore, layout_basic,
          shapermc_ecumenical_altar_rom_forum, minmay_misc_feat_tiny
D:2:      layout_basic, supply_closet_lemuel, roderic_roman_lattice,
          minmay_rat_hole
D:3:      layout_basic, xom_confusion_cloud, minmay_misc_feat_iff,
          kennysheep_cross_bottleneck, st_stairs_3
D:4:      nicolae_cairo_tiling_large, layout_rooms, enter_ossuary_1,
          grunt_ministairs_5, uniq_robin

Skill      XL: |  1  2  3 |
---------------+----------+-----
Spellcasting   | 3 |  3.1
Ice Magic      | 5 |  5.0
Dodging        | |  2.5
Stealth        | |  1.4

Action                   || total
-------------------------++-------
Melee: Unarmed           ||     1
 Cast: Freeze            ||    25
       Frozen Ramparts   ||     1
  Use: Potion            ||     2
Armor: Robe              ||     5
Dodge: Dodged            ||    11
